BSA
SPRINGFIELD STARS @ FRESNO DEPLORABLES
10/24/2027
 
TOP OF THE 1ST
Springfield Stars batting - Pitching for Fresno Deplorables : LHP Kip Manning
Pitching: LHP Kip Manning
Batting: RHB Calvin Bennett 0-0: Ball
1-0: Ball
2-0: SINGLE (Line Drive, 6)
Batting: RHB Norberto Taváres 0-0: Called Strike
0-1: Ball
1-1: Ball
Wild Pitch!
Calvin Bennett to second
2-1: Ball
3-1: Called Strike
3-2: Base on Balls
Batting: LHB Derek Davidson 0-0: Swinging Strike
0-1: Ball
1-1: Called Strike
1-2: Foul Ball, location: 2F
1-2: Foul Ball, location: 2F
1-2: Strikes out looking
Batting: LHB Felipe Guerrero 0-0: Swinging Strike
0-1: Foul Ball, location: 2F
0-2: Ball
1-2: Fly out, F4 (Popup, 4)
Batting: LHB Elliott Newell 0-0: Fly out, F8 (Flyball, 8LM)
Top of the 1st over - 0 run(s), 1 hit(s), 0 error(s), 2 left on base; Springfield 0 - Fresno 0
BOTTOM OF THE 1ST
Fresno Deplorables batting - Pitching for Springfield Stars : RHP Kyu-pyeong Pak
Pitching: RHP Kyu-pyeong Pak
Batting: RHB Dani Vázquez 0-0: Ball
1-0: Ball
2-0: Foul Ball, location: 2F
2-1: Called Strike
2-2: Ball
3-2: Fly out, F8 (Line Drive, 89M)
Batting: LHB Paul Mullins 0-0: Ground out 4-3 (Groundball, 4)
Batting: LHB Jeff Daniels 0-0: Ball
1-0: Called Strike
1-1: Swinging Strike
1-2: Foul Ball, location: 2F
1-2: Foul Ball, location: 2F
1-2: Strikes out swinging
Bottom of the 1st over - 0 run(s), 0 hit(s), 0 error(s), 0 left on base; Springfield 0 - Fresno 0
TOP OF THE 2ND
Springfield Stars batting - Pitching for Fresno Deplorables : LHP Kip Manning
Batting: SHB Shane Hutchinson 0-0: Ball
1-0: Ball
2-0: Swinging Strike
2-1: Fly out, F9 (Flyball, 9LS)
Batting: LHB Ryan Drake 0-0: Called Strike
0-1: Ball
1-1: Foul Ball, location: 2F
1-2: SINGLE (Line Drive, 4MD)
Batting: RHB Will Sterling 0-0: Ball
1-0: Ball
2-0: Ball
3-0: Base on Balls
Ryan Drake to second
Batting: LHB Jesús Tobías 0-0: Ball
1-0: Foul Ball, location: 2F
1-1: Foul Ball, location: 2F
1-2: Foul Ball, location: 2F
1-2: Ball
2-2: Foul Ball, location: 2F
2-2: Foul Ball, location: 2F
2-2: Fly out, F9 (Line Drive, 9S)
Batting: RHB Calvin Bennett 0-0: Called Strike
0-1: Ball
1-1: Ground out 5-3 (Groundball, 56S)
Top of the 2nd over - 0 run(s), 1 hit(s), 0 error(s), 2 left on base; Springfield 0 - Fresno 0
BOTTOM OF THE 2ND
Fresno Deplorables batting - Pitching for Springfield Stars : RHP Kyu-pyeong Pak
Batting: LHB Troy Donaldson 0-0: Ball
1-0: SOLO HOME RUN (Flyball, 9D), Distance : 360 ft
Batting: RHB Paco Arellano 0-0: Ball
1-0: Ball
2-0: Ball
3-0: Base on Balls
Batting: RHB Manolo Román 0-0: Foul Ball, location: 2F
0-1: DOUBLE (Groundball, 5L)
Paco Arellano to third
Batting: LHB Keith Beard 0-0: Ball
1-0: Ball
2-0: Ground out 4-3 (Groundball, 4)
Paco Arellano scores
Manolo Román to third
Batting: RHB Aaron Scott 0-0: Ball
1-0: Fly out, F9 (Flyball, 9)
Batting: RHB Germán Rosales 0-0: SINGLE (Groundball, 34D)
Manolo Román scores
Batting: RHB Dani Vázquez 0-0: Ground out 4-3 (Groundball, 4S)
Bottom of the 2nd over - 3 run(s), 3 hit(s), 0 error(s), 1 left on base; Springfield 0 - Fresno 3
TOP OF THE 3RD
Springfield Stars batting - Pitching for Fresno Deplorables : LHP Kip Manning
Batting: RHB Norberto Taváres 0-0: Foul Ball, location: 2F
0-1: Foul Ball, location: 2F
0-2: Ball
1-2: Ground out 6-3 (Groundball, 56D)
Batting: LHB Derek Davidson 0-0: Called Strike
0-1: Ball
1-1: Called Strike
1-2: Strikes out looking
Batting: LHB Felipe Guerrero 0-0: Foul Ball, location: 2F
0-1: Fly out, F4 (Popup, 4M)
Top of the 3rd over - 0 run(s), 0 hit(s), 0 error(s), 0 left on base; Springfield 0 - Fresno 3
BOTTOM OF THE 3RD
Fresno Deplorables batting - Pitching for Springfield Stars : RHP Kyu-pyeong Pak
Batting: LHB Paul Mullins 0-0: Ball
1-0: Ball
2-0: Fly out, F7 (Flyball, 7D)
Batting: LHB Jeff Daniels 0-0: Ball
1-0: Ball
2-0: Ball
3-0: Called Strike
3-1: Foul Ball, location: 2F
3-2: Fly out, F8 (Flyball, 78M)
Batting: LHB Troy Donaldson 0-0: Ball
1-0: Called Strike
1-1: Ground out 6-3 (Groundball, 6)
Bottom of the 3rd over - 0 run(s), 0 hit(s), 0 error(s), 0 left on base; Springfield 0 - Fresno 3
TOP OF THE 4TH
Springfield Stars batting - Pitching for Fresno Deplorables : LHP Kip Manning
Batting: LHB Elliott Newell 0-0: Called Strike
0-1: Swinging Strike
0-2: Foul Ball, location: 2F
0-2: Ball
1-2: Ball
2-2: Ball
3-2: Fly out, F7 (Flyball, 78D)
Batting: SHB Shane Hutchinson 0-0: Ball
1-0: Ball
2-0: Fly out, F8 (Flyball, 78S)
Batting: LHB Ryan Drake 0-0: Fly out, F7 (Flyball, 7S)
Top of the 4th over - 0 run(s), 0 hit(s), 0 error(s), 0 left on base; Springfield 0 - Fresno 3
BOTTOM OF THE 4TH
Fresno Deplorables batting - Pitching for Springfield Stars : RHP Kyu-pyeong Pak
Batting: RHB Paco Arellano 0-0: Ball
1-0: Ball
2-0: DOUBLE (Line Drive, 7LM)
Batting: RHB Manolo Román 0-0: Called Strike
0-1: Fly out, F7 (Flyball, 7LS)
Batting: LHB Keith Beard 0-0: Ball
1-0: Ball
2-0: Called Strike
2-1: Ball
3-1: Foul Ball, location: 2F
3-2: Base on Balls
Batting: RHB Aaron Scott 0-0: Ball
1-0: Ball
2-0: Ball
3-0: Base on Balls
Paco Arellano to third
Keith Beard to second
Batting: RHB Germán Rosales 0-0: Called Strike
0-1: GRAND SLAM HOME RUN (Flyball, 7D), Distance : 349 ft
Pitching: LHP Jorge Aybar
Batting: RHB Dani Vázquez 0-0: Called Strike
0-1: Ball
1-1: Called Strike
1-2: DOUBLE (Line Drive, 89D)
Batting: LHB Paul Mullins 0-0: Fly out, F9 (Flyball, 89M)
Batting: LHB Jeff Daniels 0-0: Called Strike
0-1: 2-RUN HOME RUN (Flyball, 9D), Distance : 441 ft
Batting: LHB Troy Donaldson 0-0: Swinging Strike
0-1: Fly out, F8 (Flyball, 78D)
Bottom of the 4th over - 6 run(s), 4 hit(s), 0 error(s), 0 left on base; Springfield 0 - Fresno 9
TOP OF THE 5TH
Springfield Stars batting - Pitching for Fresno Deplorables : LHP Kip Manning
Batting: RHB Will Sterling 0-0: Ball
1-0: Ball
2-0: Foul Ball, location: 2F
2-1: Foul Ball, location: 2F
2-2: Foul Ball, location: 2F
2-2: Ball
3-2: Foul Ball, location: 2F
3-2: Strikes out swinging
Batting: LHB Jesús Tobías 0-0: Ball
1-0: Fly out, F9 (Flyball, 9LM)
Batting: RHB Calvin Bennett 0-0: Called Strike
0-1: Called Strike
0-2: Ball
1-2: Foul Ball, location: 2F
1-2: Fly out, F8 (Flyball, 89D)
Top of the 5th over - 0 run(s), 0 hit(s), 0 error(s), 0 left on base; Springfield 0 - Fresno 9
BOTTOM OF THE 5TH
Fresno Deplorables batting - Pitching for Springfield Stars : LHP Jorge Aybar
Batting: RHB Paco Arellano 0-0: Foul Ball, location: 2F
0-1: Foul Ball, location: 2F
0-2: Ball
1-2: Strikes out swinging
Batting: RHB Manolo Román 0-0: Ball
1-0: Reached on error, E5 (Groundball, 56S)
Batting: LHB Keith Beard 0-0: Ball
1-0: Swinging Strike
1-1: Fielders Choice at 2nd, 3-6 (Groundball, 34)
Batting: RHB Aaron Scott 0-0: Called Strike
0-1: Ball
1-1: Ball
2-1: Foul Ball, location: 2F
2-2: SINGLE (Line Drive, 4MD)
Keith Beard to second
Batting: RHB Germán Rosales 0-0: Foul Ball, location: 2F
0-1: Ball
1-1: Ball
2-1: Ball
3-1: Base on Balls
Keith Beard to third
Aaron Scott to second
Batting: RHB Dani Vázquez 0-0: Foul Ball, location: 2F
0-1: Swinging Strike
0-2: SINGLE (Line Drive, 5D)
Keith Beard scores
Aaron Scott to third
Germán Rosales to second
Runner from 3rd tries for Home, SAFE, no throw
Pitching: RHP Dae-ho Kim
Batting: LHB Paul Mullins 0-0: Called Strike
0-1: Ball
1-1: Called Strike
1-2: Fly out, F7 (Flyball, 78M)
Bottom of the 5th over - 2 run(s), 2 hit(s), 1 error(s), 2 left on base; Springfield 0 - Fresno 11
TOP OF THE 6TH
Springfield Stars batting - Pitching for Fresno Deplorables : LHP Kip Manning
Batting: RHB Norberto Taváres 0-0: Called Strike
0-1: Foul Ball, location: 2F
0-2: Ground out 5-3 (Groundball, 56S)
Batting: LHB Derek Davidson 0-0: Foul Ball, location: 2F
0-1: DOUBLE (Line Drive, 89XD)
Batting: LHB Felipe Guerrero 0-0: Ball
1-0: Ball
2-0: Foul Ball, location: 2F
2-1: SINGLE (Groundball, 34D)
Derek Davidson to third
Runner from 3rd tries for Home, SAFE, no throw
Batting: LHB Elliott Newell 0-0: Ball
1-0: Ball
Felipe Guerrero steals 2nd base
2-0: Reached on error, E6 (Groundball, 6)
Felipe Guerrero scores
Pitching: LHP José Garza
Batting: SHB Shane Hutchinson 0-0: Called Strike
0-1: Swinging Strike
0-2: Strikes out swinging
Batting: LHB Ryan Drake 0-0: Called Strike
0-1: Ball
1-1: Ball
2-1: Called Strike
2-2: Foul Ball, location: 2F
2-2: Ball
3-2: Strikes out swinging
Top of the 6th over - 2 run(s), 2 hit(s), 1 error(s), 1 left on base; Springfield 2 - Fresno 11
BOTTOM OF THE 6TH
Fresno Deplorables batting - Pitching for Springfield Stars : RHP Dae-ho Kim
Batting: LHB Jeff Daniels 0-0: Ball
1-0: Swinging Strike
1-1: Fly out, F9 (Line Drive, 9D)
Batting: LHB Troy Donaldson 0-0: Foul Ball, location: 2F
0-1: Ball
1-1: Foul Ball, location: 2F
1-2: Strikes out looking
Batting: RHB Paco Arellano 0-0: Ball
1-0: Called Strike
1-1: Foul Ball, location: 2F
1-2: SINGLE (Line Drive, 8RS)
Batting: RHB Manolo Román 0-0: Foul Ball, location: 2F
0-1: Foul Ball, location: 2F
0-2: Ball
1-2: Foul Ball, location: 2F
1-2: Foul Ball, location: 2F
1-2: Ball
2-2: Foul Ball, location: 2F
2-2: Ball
3-2: Foul Ball, location: 2F
3-2: TRIPLE (Flyball, 78XD)
Paco Arellano scores
Pinch Hitting: RHB Lawrence Yates 0-0: Swinging Strike
0-1: Foul Ball, location: 2F
0-2: Strikes out swinging
Bottom of the 6th over - 1 run(s), 2 hit(s), 0 error(s), 1 left on base; Springfield 2 - Fresno 12
TOP OF THE 7TH
Springfield Stars batting - Pitching for Fresno Deplorables : LHP José Garza
Now in CF: Lawrence Yates
Batting: RHB Will Sterling 0-0: Called Strike
0-1: Ball
1-1: Fly out, F7 (Flyball, 78D)
Batting: LHB Jesús Tobías 0-0: Ball
1-0: Called Strike
1-1: Called Strike
1-2: Foul Ball, location: 2F
1-2: Strikes out swinging
Batting: RHB Calvin Bennett 0-0: Ball
1-0: Ball
2-0: Called Strike
2-1: Called Strike
2-2: Ball
3-2: Strikes out swinging
Top of the 7th over - 0 run(s), 0 hit(s), 0 error(s), 0 left on base; Springfield 2 - Fresno 12
BOTTOM OF THE 7TH
Fresno Deplorables batting - Pitching for Springfield Stars : RHP Dae-ho Kim
Batting: RHB Aaron Scott 0-0: Called Strike
0-1: Foul Ball, location: 2F
0-2: Foul Ball, location: 2F
0-2: Ball
1-2: Ball
2-2: Fly out, F4 (Popup, 4D)
Batting: RHB Germán Rosales 0-0: Ball
1-0: Ball
2-0: Foul Ball, location: 2F
2-1: Foul Ball, location: 2F
2-2: Reached on error, E6 (Groundball, 6)
Batting: RHB Dani Vázquez 0-0: Ball
1-0: Ball
2-0: Ball
3-0: Base on Balls
Germán Rosales to second
Batting: LHB Paul Mullins 0-0: SINGLE (Flyball, 8RS)
Germán Rosales to third
Dani Vázquez to second
Runner from 3rd tries for Home, SAFE, throw made home
Batting: LHB Jeff Daniels 0-0: Ball
1-0: Foul Ball, location: 2F
1-1: Ground out U3 (Groundball, 3D)
Dani Vázquez to third
Paul Mullins to second
Batting: LHB Troy Donaldson 0-0: Called Strike
0-1: Ball
1-1: Ball
2-1: Ball
3-1: Called Strike
3-2: Base on Balls
Batting: RHB Paco Arellano 0-0: Ball
1-0: Ball
2-0: Foul Ball, location: 2F
2-1: Foul Ball, location: 2F
2-2: SINGLE (Groundball, 56D)
Dani Vázquez scores
Paul Mullins to third
Troy Donaldson to second
Runner from 3rd tries for Home, SAFE, no throw
Pitching: RHP Hyo-chin Ch'oe
Batting: RHB Manolo Román 0-0: Ball
1-0: Called Strike
Paco Arellano is caught stealing 2nd base
Bottom of the 7th over - 3 run(s), 2 hit(s), 1 error(s), 0 left on base; Springfield 2 - Fresno 15
TOP OF THE 8TH
Springfield Stars batting - Pitching for Fresno Deplorables : LHP José Garza
Batting: RHB Norberto Taváres 0-0: Ball
1-0: Ball
2-0: Foul Ball, location: 2F
2-1: Ball
3-1: Base on Balls
Batting: LHB Derek Davidson 0-0: Called Strike
0-1: Foul Ball, location: 2F
0-2: Strikes out swinging
Batting: LHB Felipe Guerrero 0-0: Foul Ball, location: 2F
0-1: Ball
1-1: Fielders Choice at 2nd, 1-6 (Groundball, P)
Batting: LHB Elliott Newell 0-0: Called Strike
0-1: Called Strike
0-2: Foul Ball, location: 2F
0-2: Ball
1-2: Foul Ball, location: 2F
1-2: Ball
2-2: Strikes out swinging
Top of the 8th over - 0 run(s), 0 hit(s), 0 error(s), 1 left on base; Springfield 2 - Fresno 15
BOTTOM OF THE 8TH
Fresno Deplorables batting - Pitching for Springfield Stars : RHP Hyo-chin Ch'oe
Batting: RHB Manolo Román 0-0: Ball
1-0: Called Strike
1-1: Called Strike
1-2: Ball
2-2: Strikes out swinging
Batting: RHB Lawrence Yates 0-0: Ball
1-0: Ball
2-0: Foul Ball, location: 2F
2-1: Fly out, F9 (Flyball, 9LS)
Batting: RHB Aaron Scott 0-0: Swinging Strike
0-1: Called Strike
0-2: Fly out, F7 (Flyball, 78S)
Bottom of the 8th over - 0 run(s), 0 hit(s), 0 error(s), 0 left on base; Springfield 2 - Fresno 15
TOP OF THE 9TH
Springfield Stars batting - Pitching for Fresno Deplorables : LHP José Garza
Now at C: Teddy Bates
Batting: SHB Shane Hutchinson 0-0: Foul Ball, location: 2F
0-1: SOLO HOME RUN (Flyball, 7LD), Distance : 341 ft
Batting: LHB Ryan Drake 0-0: Ground out 1-3 (Groundball, 13)
Batting: RHB Will Sterling 0-0: Fly out, F9 (Flyball, 9LS)
Batting: LHB Jesús Tobías 0-0: Ball
1-0: Called Strike
1-1: Called Strike
1-2: Ball
2-2: SINGLE (Line Drive, 4MD)
Batting: RHB Calvin Bennett 0-0: Ball
1-0: Swinging Strike
1-1: Ball
2-1: Ball
3-1: Base on Balls
Jesús Tobías to second
Batting: RHB Norberto Taváres 0-0: Swinging Strike
0-1: Ball
1-1: Ball
2-1: Ball
3-1: Base on Balls
Jesús Tobías to third
Calvin Bennett to second
Batting: LHB Derek Davidson 0-0: Called Strike
0-1: Ball
1-1: Swinging Strike
1-2: Strikes out swinging
Top of the 9th over - 1 run(s), 2 hit(s), 0 error(s), 3 left on base; Springfield 3 - Fresno 15
Thursday, March 30th, 2017 - OOTP Baseball 17.12 Build 75